| TOP OF THE 1ST |
|
Sarasota Eagles batting - Pitching for Tampa Twisters : LHP Andrew Ortiz
|
|
Pitching: LHP Andrew Ortiz
|
|
|
Batting: SHB Ramon Sambo
|
0-0: Called Strike 0-1: Ball 1-1: Foul Ball, location: 2F 1-2: Strikes out swinging
|
|
Batting: SHB Todd Mabe
|
0-0: Called Strike 0-1: Ball 1-1: Ball 2-1: Called Strike 2-2: Strikes out swinging, 2-3 out at first.
|
|
Batting: RHB Matt Stark
|
0-0: Ball 1-0: Ball 2-0: Foul Ball, location: 2F 2-1: Ball 3-1: Base on Balls
|
|
Batting: RHB Jose Estrada
|
0-0: Ball 1-0: SINGLE (Line Drive, 7S, EV 95.6 MPH) Matt Stark to second
|
|
Batting: RHB Lorenzo Arce
|
0-0: Called Strike 0-1: Foul Ball, location: 2F 0-2: Ball 1-2: Foul Ball, location: 2F 1-2: Strikes out swinging
|
| Top of the 1st over - 0 runs, 1 hit, 0 errors, 2 left on base; Sarasota 0 - Tampa 0 |
| BOTTOM OF THE 1ST |
|
Tampa Twisters batting - Pitching for Sarasota Eagles : RHP Ricky Canas
|
|
Pitching: RHP Ricky Canas
|
|
|
Batting: RHB John Hotchkiss
|
0-0: Called Strike 0-1: Hit by Pitch
|
|
Batting: RHB Jim Olander
|
0-0: Ball 1-0: Called Strike John Hotchkiss steals 2nd base 1-1: Swinging Strike 1-2: Foul Ball, location: 2F 1-2: Foul Ball, location: 2F 1-2: Ball 2-2: 2-RUN HOME RUN (Flyball, 7D, EV 105.6 MPH), Distance : 358 ft
|
|
Batting: LHB Jose Tolentino
|
0-0: Ball 1-0: Ball 2-0: Ball 3-0: Called Strike 3-1: SINGLE (Groundball, 34, EV 100.0 MPH)
|
|
Batting: LHB John Randolph
|
0-0: Ball Jose Tolentino is caught stealing 2nd base 2-6 1-0: Foul Ball, location: 2F 1-1: Foul Ball, location: 2F 1-2: Ball 2-2: Foul Ball, location: 2F 2-2: Ball 3-2: Ground out U3 (Groundball, 3, EV 104.4 MPH)
|
|
Batting: SHB Jack Daugherty
|
0-0: Ground out 4-3 (Groundball, 4, EV 104.4 MPH)
|
| Bottom of the 1st over - 2 runs, 2 hits, 0 errors, 0 left on base; Sarasota 0 - Tampa 2 |
| TOP OF THE 2ND |
|
Sarasota Eagles batting - Pitching for Tampa Twisters : LHP Andrew Ortiz
|
|
Batting: RHB Ramon Henderson
|
0-0: Ball 1-0: Called Strike 1-1: Foul Ball, location: 2F 1-2: Strikes out looking
|
|
Batting: RHB Terry Schriner
|
0-0: Fly out, F7 (Flyball, 7LS, EV 90.0 MPH)
|
|
Batting: LHB Dave Martinez
|
0-0: Ball 1-0: Ball 2-0: Called Strike 2-1: Ground out 4-3 (Groundball, 4, EV 84.4 MPH)
|
| Top of the 2nd over - 0 runs, 0 hits, 0 errors, 0 left on base; Sarasota 0 - Tampa 2 |
| BOTTOM OF THE 2ND |
|
Tampa Twisters batting - Pitching for Sarasota Eagles : RHP Ricky Canas
|
|
Batting: LHB Alex Castaneda
|
0-0: Foul Ball, location: 2F 0-1: Ball 1-1: Fly out, F9 (Line Drive, 9, EV 99.4 MPH)
|
|
Batting: RHB Benito Santiago
|
0-0: Foul Ball, location: 2F 0-1: Ground out 6-3 (Groundball, 6M, EV 85.0 MPH)
|
|
Batting: RHB Jeffrey Neuzil
|
0-0: Ball 1-0: Swinging Strike 1-1: Ball 2-1: SINGLE (Line Drive, 56, EV 111.3 MPH)
|
|
Batting: LHB Nellie DeLaRosa
|
0-0: Ball Jeffrey Neuzil steals 2nd base 1-0: Called Strike 1-1: Foul Ball, location: 2F 1-2: Ball 2-2: Strikes out swinging
|
| Bottom of the 2nd over - 0 runs, 1 hit, 0 errors, 1 left on base; Sarasota 0 - Tampa 2 |
| TOP OF THE 3RD |
|
Sarasota Eagles batting - Pitching for Tampa Twisters : LHP Andrew Ortiz
|
|
Batting: LHB Jesus Mercado
|
0-0: Called Strike 0-1: Ground out U3 (Groundball, 3, EV 81.9 MPH)
|
|
Batting: SHB Ramon Sambo
|
0-0: Called Strike 0-1: Ball 1-1: Ball 2-1: Ball 3-1: Base on Balls
|
|
Batting: SHB Todd Mabe
|
0-0: Ball 1-0: Ball 2-0: Fly out, F8 (Flyball, 8RM, EV 86.3 MPH)
|
|
Batting: RHB Matt Stark
|
0-0: Called Strike 0-1: Fly out, F7 (Flyball, 7, EV 86.3 MPH)
|
| Top of the 3rd over - 0 runs, 0 hits, 0 errors, 1 left on base; Sarasota 0 - Tampa 2 |
| BOTTOM OF THE 3RD |
|
Tampa Twisters batting - Pitching for Sarasota Eagles : RHP Ricky Canas
|
|
Batting: RHB John Hotchkiss
|
0-0: Ball 1-0: SINGLE (Groundball, 4M, EV 83.8 MPH) (infield hit)
|
|
Batting: RHB Jim Olander
|
0-0: Called Strike 0-1: Ball 1-1: Ball 2-1: Ball 3-1: DOUBLE (Line Drive, 9LS, EV 106.3 MPH) John Hotchkiss to third Runner from 3rd tries for Home, throw by RF and OUT! 9-4-2
|
|
Batting: LHB Jose Tolentino
|
0-0: Ball 1-0: Ball 2-0: Ball 3-0: Called Strike 3-1: Ground out 6-3 (Groundball, 6, EV 78.8 MPH) Jim Olander to third
|
|
Batting: LHB John Randolph
|
0-0: Foul Ball, location: 2F 0-1: Ball 1-1: Swinging Strike 1-2: Ball 2-2: Ball 3-2: Foul Ball, location: 2F 3-2: Base on Balls
|
|
Batting: SHB Jack Daugherty
|
0-0: Ball 1-0: Ball 2-0: Ball 3-0: Base on Balls John Randolph to second
|
|
Batting: LHB Alex Castaneda
|
0-0: Called Strike 0-1: Foul Ball, location: 2F 0-2: Fly out, F7 (Flyball, 7LM, EV 89.4 MPH)
|
| Bottom of the 3rd over - 0 runs, 2 hits, 0 errors, 3 left on base; Sarasota 0 - Tampa 2 |
| TOP OF THE 4TH |
|
Sarasota Eagles batting - Pitching for Tampa Twisters : LHP Andrew Ortiz
|
|
Batting: RHB Jose Estrada
|
0-0: SOLO HOME RUN (Flyball, 7LD, EV 90.6 MPH), Distance : 347 ft
|
|
Batting: RHB Lorenzo Arce
|
0-0: Called Strike 0-1: Foul Ball, location: 2F 0-2: Fly out, F8 (Line Drive, 8LD, EV 96.9 MPH)
|
|
Batting: RHB Ramon Henderson
|
0-0: Fly out, F8 (Flyball, 8RXD, EV 90.6 MPH)
|
|
Batting: RHB Terry Schriner
|
0-0: Ball 1-0: Called Strike 1-1: Ground out 6-3 (Groundball, 6, EV 78.8 MPH)
|
| Top of the 4th over - 1 run, 1 hit, 0 errors, 0 left on base; Sarasota 1 - Tampa 2 |
| BOTTOM OF THE 4TH |
|
Tampa Twisters batting - Pitching for Sarasota Eagles : RHP Ricky Canas
|
|
Batting: RHB Benito Santiago
|
0-0: Ball 1-0: Called Strike 1-1: Swinging Strike 1-2: Foul Ball, location: 2F 1-2: Ball 2-2: Strikes out swinging
|
|
Batting: RHB Jeffrey Neuzil
|
0-0: Foul Ball, location: 2F 0-1: Ball 1-1: Swinging Strike 1-2: Fly out, F8 (Flyball, 8RS, EV 96.9 MPH)
|
|
Batting: LHB Nellie DeLaRosa
|
0-0: Ball 1-0: Called Strike 1-1: SINGLE (Groundball, 56, EV 95.0 MPH)
|
|
Batting: RHB John Hotchkiss
|
0-0: Called Strike 0-1: Ball 1-1: Foul Ball, location: 2F 1-2: Foul Ball, location: 2F 1-2: Ball Nellie DeLaRosa steals 2nd base 2-2: DOUBLE (Flyball, 89XD, EV 99.4 MPH) Nellie DeLaRosa scores
|
|
Pitching: RHP Dave Lenderman
|
|
|
Batting: RHB Jim Olander
|
0-0: Ball 1-0: SINGLE (Flyball, 8RS, EV 91.3 MPH) John Hotchkiss to third Runner from 3rd tries for Home, SAFE, throw by RF to home
|
|
Batting: LHB Jose Tolentino
|
0-0: Ball Jim Olander is caught stealing 2nd base 2-6
|
| Bottom of the 4th over - 2 runs, 3 hits, 0 errors, 0 left on base; Sarasota 1 - Tampa 4 |
| TOP OF THE 5TH |
|
Sarasota Eagles batting - Pitching for Tampa Twisters : LHP Andrew Ortiz
|
|
Batting: LHB Dave Martinez
|
0-0: Ball 1-0: Ball 2-0: Ball 3-0: Called Strike 3-1: Base on Balls
|
|
Batting: LHB Jesus Mercado
|
0-0: Fielders Choice at 2nd, 4-6 (Groundball, 34D, EV 88.1 MPH)
|
|
Batting: SHB Ramon Sambo
|
0-0: Ball 1-0: Ball 2-0: Swinging Strike 2-1: Fielders Choice at 2nd, 6-4 (Groundball, 6, EV 84.4 MPH)
|
|
Batting: SHB Todd Mabe
|
0-0: Ball 1-0: Swinging Strike 1-1: Swinging Strike 1-2: Ball Ramon Sambo is caught stealing 2nd base 2-4
|
| Top of the 5th over - 0 runs, 0 hits, 0 errors, 0 left on base; Sarasota 1 - Tampa 4 |
| BOTTOM OF THE 5TH |
|
Tampa Twisters batting - Pitching for Sarasota Eagles : RHP Dave Lenderman
|
|
Batting: LHB Jose Tolentino
|
0-0: Ball 1-0: Ball 2-0: Ball 3-0: Base on Balls
|
|
Batting: LHB John Randolph
|
0-0: Ball 1-0: Fly out, F8 (Line Drive, 8LD, EV 91.3 MPH)
|
|
Batting: SHB Jack Daugherty
|
0-0: Ball 1-0: Foul Ball, location: 2F 1-1: Ball 2-1: Fly out, F9 (Flyball, 9D, EV 108.1 MPH)
|
|
Batting: LHB Alex Castaneda
|
0-0: Called Strike 0-1: Called Strike 0-2: Ball 1-2: Fly out, F6 (Popup, 4M, EV 66.3 MPH)
|
| Bottom of the 5th over - 0 runs, 0 hits, 0 errors, 1 left on base; Sarasota 1 - Tampa 4 |
| TOP OF THE 6TH |
|
Sarasota Eagles batting - Pitching for Tampa Twisters : LHP Andrew Ortiz
|
|
Batting: SHB Todd Mabe
|
0-0: Foul Ball, location: 2F 0-1: Foul Ball, location: 2F 0-2: Ball 1-2: Ball 2-2: Ball 3-2: SINGLE (Groundball, 56D, EV 113.8 MPH)
|
|
Batting: RHB Matt Stark
|
0-0: Called Strike 0-1: Ball 1-1: Foul Ball, location: 2F 1-2: Strikes out looking
|
|
Batting: RHB Jose Estrada
|
0-0: Ball 1-0: Ball 2-0: Swinging Strike 2-1: SINGLE (Line Drive, 6MD, EV 95.0 MPH) Todd Mabe to second
|
|
Batting: RHB Lorenzo Arce
|
0-0: SINGLE (Line Drive, 9LS, EV 100.6 MPH) Todd Mabe to third Jose Estrada to second Runner from 3rd tries for Home, SAFE, throw by RF to home
|
|
Batting: RHB Ramon Henderson
|
0-0: Called Strike 0-1: Ball 1-1: Fly out, F8 (Flyball, 8LS, EV 73.1 MPH)
|
|
Batting: RHB Terry Schriner
|
0-0: Ball 1-0: Ground out 5-3 (Groundball, 56, EV 98.1 MPH)
|
| Top of the 6th over - 1 run, 3 hits, 0 errors, 2 left on base; Sarasota 2 - Tampa 4 |
| BOTTOM OF THE 6TH |
|
Tampa Twisters batting - Pitching for Sarasota Eagles : RHP Dave Lenderman
|
|
Batting: RHB Benito Santiago
|
0-0: DOUBLE (Groundball, 5L, EV 105.6 MPH)
|
|
Batting: RHB Jeffrey Neuzil
|
0-0: Called Strike 0-1: Foul Ball, location: 2F 0-2: Ball 1-2: 2-RUN HOME RUN (Flyball, 7D, EV 105.6 MPH), Distance : 366 ft
|
|
Batting: LHB Nellie DeLaRosa
|
0-0: Called Strike 0-1: Ground out 4-3 (Groundball, 4, EV 85.6 MPH)
|
|
Batting: RHB John Hotchkiss
|
0-0: Ball 1-0: Called Strike 1-1: SINGLE (Groundball, 56D, EV 100.0 MPH)
|
|
Batting: RHB Jim Olander
|
0-0: Swinging Strike 0-1: Ball 1-1: Foul Ball, location: 2F 1-2: Ground out 4-3 (Groundball, 4S, EV 70.6 MPH) John Hotchkiss to second
|
|
Batting: LHB Jose Tolentino
|
0-0: Ball 1-0: Called Strike 1-1: Fly out, F4 (Line Drive, 4, EV 70.6 MPH)
|
| Bottom of the 6th over - 2 runs, 3 hits, 0 errors, 1 left on base; Sarasota 2 - Tampa 6 |
| TOP OF THE 7TH |
|
Sarasota Eagles batting - Pitching for Tampa Twisters : LHP Andrew Ortiz
|
|
Batting: LHB Dave Martinez
|
0-0: Called Strike 0-1: Fly out, F9 (Flyball, 89S, EV 92.5 MPH)
|
|
Batting: LHB Jesus Mercado
|
0-0: Swinging Strike 0-1: Called Strike 0-2: Ball 1-2: Ball 2-2: Strikes out swinging
|
|
Batting: SHB Ramon Sambo
|
0-0: Foul Ball, location: 2F 0-1: Called Strike 0-2: Ball 1-2: Ball 2-2: Ball 3-2: Fly out, F8 (Flyball, 8LD, EV 100.6 MPH)
|
| Top of the 7th over - 0 runs, 0 hits, 0 errors, 0 left on base; Sarasota 2 - Tampa 6 |
| BOTTOM OF THE 7TH |
|
Tampa Twisters batting - Pitching for Sarasota Eagles : RHP Dave Lenderman
|
|
Batting: LHB John Randolph
|
0-0: Called Strike 0-1: Ball 1-1: Ball 2-1: Ball 3-1: Fly out, F8 (Line Drive, 8RM, EV 102.5 MPH)
|
|
Batting: SHB Jack Daugherty
|
0-0: Ball 1-0: Called Strike 1-1: Ball 2-1: Foul Ball, location: 2F 2-2: Strikes out looking
|
|
Batting: LHB Alex Castaneda
|
0-0: Fly out, F7 (Flyball, 78S, EV 87.5 MPH)
|
| Bottom of the 7th over - 0 runs, 0 hits, 0 errors, 0 left on base; Sarasota 2 - Tampa 6 |
| TOP OF THE 8TH |
|
Sarasota Eagles batting - Pitching for Tampa Twisters : LHP Andrew Ortiz
|
|
Batting: SHB Todd Mabe
|
0-0: SINGLE (Groundball, 6MS, EV 69.4 MPH) (infield hit)
|
|
Batting: RHB Matt Stark
|
Pickoff Throw to First - Error! E1 Todd Mabe to second 0-0: Ball 1-0: Ball 2-0: Called Strike 2-1: Ball 3-1: Foul Ball, location: 2F 3-2: Foul Ball, location: 2F 3-2: Strikes out swinging
|
|
Pitching: RHP Kevin Gordon
|
|
|
Batting: RHB Jose Estrada
|
0-0: Swinging Strike 0-1: Ball 1-1: Called Strike 1-2: 2-RUN HOME RUN (Flyball, 89XD, EV 108.1 MPH), Distance : 383 ft
|
|
Batting: RHB Lorenzo Arce
|
0-0: Ball 1-0: Fly out, F7 (Flyball, 78M, EV 94.4 MPH)
|
|
Batting: RHB Ramon Henderson
|
0-0: Called Strike 0-1: Called Strike 0-2: Ball 1-2: Strikes out looking
|
| Top of the 8th over - 2 runs, 2 hits, 1 error, 0 left on base; Sarasota 4 - Tampa 6 |
| BOTTOM OF THE 8TH |
|
Tampa Twisters batting - Pitching for Sarasota Eagles : RHP Dave Lenderman
|
|
Batting: RHB Benito Santiago
|
0-0: Ball 1-0: Swinging Strike 1-1: SINGLE (Line Drive, 8RS, EV 101.3 MPH)
|
|
Batting: RHB Jeffrey Neuzil
|
0-0: Ball 1-0: Bunted foul 1-1: Bunted foul 1-2: Strikes out swinging
|
|
Batting: LHB Nellie DeLaRosa
|
0-0: Ball 1-0: Grounds into double play, 4-6-3 (Groundball, 4, EV 96.3 MPH)
|
| Bottom of the 8th over - 0 runs, 1 hit, 0 errors, 0 left on base; Sarasota 4 - Tampa 6 |
| TOP OF THE 9TH |
|
Sarasota Eagles batting - Pitching for Tampa Twisters : RHP Kevin Gordon
|
|
Pitching: RHP Dave Harman
|
|
|
Now in RF: Jordan Berge
|
|
|
Batting: RHB Terry Schriner
|
0-0: Fly out, F4 (Popup, 23, EV 81.9 MPH)
|
|
Batting: LHB Dave Martinez
|
0-0: Called Strike 0-1: Fly out, F7 (Flyball, 7D, EV 103.1 MPH)
|
|
Batting: LHB Jesus Mercado
|
0-0: Ball 1-0: Fly out, F6 (Popup, 6, EV 63.8 MPH)
|
| Top of the 9th over - 0 runs, 0 hits, 0 errors, 0 left on base; Sarasota 4 - Tampa 6 |
|